 Dungeon Crawl Stone Soup version 0.26.1-11-gd32895ea62 (webtiles) character file.

Game seed: 8576183524762080808

29 Kahsius the Caller (level 3, -1/24 HPs)
             Began as a Merfolk Summoner on May 28, 2021.
             Killed by nerve-wracking pain
             ... invoked by Jessica
              (8 damage)
             ... on level 2 of the Dungeon.
             The game lasted 00:07:19 (1865 turns).

Kahsius the Caller (Merfolk Summoner)               Turns: 1865, Time: 00:07:20

Health: -1/24      AC:  2    Str:  8    XL:     3   Next: 16%
Magic:  6/6        EV: 13    Int: 15    God:
Gold:   64         SH:  0    Dex: 14    Spells: 4/6 levels left

rFire    x . .     SeeInvis .   e - -1 mace (curse)
rCold    + . .     Faith    .   (no shield)
rNeg     . . .     Spirit   .   k - +0 robe
rPois    .         Reflect  .   (no helmet)
rElec    .         Harm     .   (no cloak)
rCorr    .         Rampage  .   (no gloves)
Will     .....                  (no boots)
Stlth    ++........             (no amulet)
HPRegen  0.08/turn              b - ring of ice
MPRegen  0.10/turn              (no ring)

@: no status effects
A: change form in water, swift swim, stealthy swim
a: no special abilities


You were on level 2 of the Dungeon.
You visited 1 branch of the dungeon, and saw 2 of its levels.

You collected 64 gold pieces.

Inventory:

Hand Weapons
 e - a cursed -1 mace (weapon)
 h - a +1 dagger of speed
 j - a +2 hand axe of flaming
Armour
 k - a +0 robe (worn)
Jewellery
 b - a ring of ice (left hand)
Scrolls
 a - a scroll of identify {unknown}
Potions
 c - a potion of might {unknown}
 d - a potion of magic {unknown}
 f - a potion of berserk rage {unknown}
 g - a potion of brilliance {unknown}


   Skills:
 + Level 0.2 Fighting
 + Level 0.4 Maces & Flails
 + Level 2.8 Dodging
 - Level 2.1 Stealth
 + Level 2.1 Spellcasting
 * Level 4.7 Summonings


You had 4 spell levels left.
You knew the following spells:

 Your Spells              Type           Power        Failure   Level
b - Call Imp              Summ           15%          4%          2

Your spell library contained the following spells:

 Spells                   Type           Power        Failure   Level
 Summon Small Mammal      Summ           60%          3%          1
 Call Canine Familiar     Summ           15%          10%         3
 Summon Guardian Golem    Hex/Summ       8%           26%         3
 Summon Ice Beast         Ice/Summ       13%          63%         4
 Summon Lightning Spire   Summ/Air       8%           63%         4


Dungeon Overview and Level Annotations

Branches:
Dungeon (2/15)

Altars:

Annotations:
D:2 Jessica


Message History

Your crimson imp blinks!
The goblin hits your crimson imp.
Your crimson imp hits the goblin.
The goblin dies!
Jessica hits your crimson imp.
There is an open door here.
Unknown command.
Drop what? 10/52 slots (_ for help) (? for menu, Esc to quit)
Okay, then.
You close the door.
There is an open door here.
You close the door.
Jessica casts a spell.
Jessica blinks!
Your crimson imp disappears in a puff of smoke!
Jessica shouts!
Jessica barely misses you. Jessica gestures at you while chanting.
Pain shoots through your body!
You die...

5....+...+...##
.....#...###..###### .....#####
##......# .....########......#
.....##............#
....†...######.....#
....†........##@.##########
.............##............
###..........##.@##############
#..........###.#####........##
...........................>..#
################..####.......).#.
......####......†....
........)..##.##<####
..#..###.##.##.# .............#.#
.###.###...<.#.#


You could see Jessica.

Vanquished Creatures
  A leopard gecko (D:2)
  A ball python (D:1)
  A hobgoblin (D:1)
  3 bats (D:1)
  A frilled lizard (D:2)
  2 kobolds (D:1)
  2 rats
11 creatures vanquished.

Vanquished Creatures (collateral kills)
  A dart slug (D:1)
  2 giant cockroaches
  3 goblins
  3 hobgoblins
  5 jackals (D:1)
  A quokka (D:2)
  5 frilled lizards
  3 kobolds
  A rat (D:1)
24 creatures vanquished.

Grand Total: 35 creatures vanquished

Notes
Turn   | Place    | Note
-------+----------+-------------------------------------------
     0 | D:1      | Kahsius the Merfolk Summoner began the quest for the Orb.
     0 | D:1      | Reached XP level 1. HP: 13/13 MP: 3/3
   417 | D:1      | Reached XP level 2. HP: 12/19 MP: 1/5
   604 | D:1      | Learned a level 2 spell: Call Imp
  1630 | D:2      | Reached XP level 3. HP: 21/24 MP: 2/6
  1809 | D:2      | Noticed Jessica
  1865 | D:2      | Killed from afar by Jessica

Illustrated notes

Levels and vault maps discovered:
D:1:      giann_forest_graveyard, layout_basic, minmay_cupped
D:2:      layout_basic, uniq_jessica

Action                   || total
-------------------------++-------
Melee: Mace              ||    50
 Cast: Summon Small Mamm ||     9
       Call Imp          ||    20
  Use: Scroll            ||     3
Armor: Robe              ||    20
Dodge: Dodged            ||    75
